 Dungeon Crawl Stone Soup version 0.31-a0-188-g5e087ee2ca (webtiles) character file.

Game seed: 17342891268643383049

58 qw the Shooter (level 3, -4/20 HPs)
             Began as a Deep Elf Hunter on June 23, 2023.
             Succumbed to a goblin's poison
             ... on level 2 of the Dungeon.
             The game lasted 00:00:30 (1236 turns).

qw the Shooter (Deep Elf Hunter)                    Turns: 1236, Time: 00:00:31

Health: -4/20      AC:  6    Str: 10    XL:     3   Next: 76%
Magic:  5/5        EV: 13    Int: 13    God:
Gold:   45         SH:  0    Dex: 24    Spells: 2/2 levels left

rFire   + . .        Y - +1 shortbow (freeze)
rCold   . . .        (shield currently unavailable)
rNeg    . . .        e - +2 leather armour {rF+}
rPois   .            c - +0 helmet
rElec   .            (no cloak)
rCorr   .            (no gloves)
SInv    .            (no boots)
Will    .....        (no amulet)
Stlth   ++           b - +6 ring of dexterity
HPRegen 0.23/turn    (no ring)
MPRegen 0.09/turn

%: no passive effects
@: lethally poisoned (-4 -> -22), about to teleport
A: no striking features
a: no special abilities


You were on level 2 of the Dungeon.
You visited 1 branch of the dungeon, and saw 3 of its levels.

You collected 45 gold pieces.


   Skills:
 - Level 1.5 Fighting
 - Level 7.2 Ranged Weapons
 + Level 2.4 Dodging
 - Level 1.2 Stealth


You had 2 spell levels left.
You didn't know any spells.
Your spell library was empty.

Inventory:

Hand Weapons
 Y - a +1 shortbow of freezing (weapon)
Armour
 c - a +0 helmet (worn)
 d - a +0 ring mail
 e - a +2 leather armour of fire resistance (worn)
Jewellery
 b - a +6 ring of dexterity (left hand)
Scrolls
 a - 2 scrolls of teleportation
Potions
 g - a potion of haste {unknown}
 j - a potion of lignification {unknown}
 k - a potion of invisibility {unknown}

Dungeon Overview and Level Annotations

Branches:
Dungeon (3/15)

Altars:


Message History

The adder is severely wounded.
The goblin shouts!
An endoplasm comes into view.
You shoot an arrow. The arrow misses the adder.
The adder barely misses you.
You shoot an arrow. The arrow closely misses the adder.
The adder bites you but does no damage.
You shoot an arrow. The arrow barely misses the adder.
The adder is no longer moving slowly.
The goblin hits you but does no damage.
You are poisoned.
The adder bites you.
You are more poisoned.
The adder poisons you!
1231 ||| STAIRDANCE You feel very sick.
The goblin hits you but does no damage. The adder barely misses you.
You climb upwards.
You feel very sick.
There is a stone staircase leading down here.
Enter note:
Enter note:
Enter note:
Enter note:
Enter note:
Enter note: You shoot an arrow.
The arrow closely misses the adder.
You feel sick. The adder bites you. The goblin hits you but does no damage.
You are lethally poisoned!
You shoot an arrow. The arrow misses the adder.
You feel very sick. The adder barely misses you. The goblin closely misses you.
The adder bites you.
1235 ||| READING 3 scrolls of teleportation.
As you read the scroll of teleportation, it crumbles to dust.
You feel strangely unstable.
You feel very sick. The goblin hits you but does no damage.
You are more poisoned.
The adder closely misses you.
You shoot an arrow. The arrow barely misses the adder.
You die...

#.#####...........(....#######
#.>..........###.##.#..# #..
#.........#..# #.##.#..# #.#
#.........#..# #.##.#..# #.#
#.........#.[###.##.#..## #>#
##........#......%......# #..
#####.......##.............# #.#
...............Sg#####.#...# #..
................@..........# #.#
.#######...###########.##..####.#
.# #...............##...?.... .#
#..############.###.####.# .#
#..# #........###.####.#
.#######..#####.#####....<...##.#
................# #.######.##.#
.################ #.# #.##.# .##
#.# #.##.#


You could see an adder and a goblin.

Vanquished Creatures
  An adder (D:2)
  A worm (D:2)
  2 dart slugs (D:1)
  4 ball pythons
  4 endoplasms
  A giant cockroach (D:2)
  3 goblins (D:1)
  2 hobgoblins (D:1)
  5 jackals (D:1)
  2 quokkas
  4 bats
  2 frilled lizards
  3 kobolds
  4 rats
38 creatures vanquished.

Notes
Turn   | Place    | Note
-------+----------+-------------------------------------------
     0 | D:1      | qw the Deep Elf Hunter began the quest for the Orb.
     0 | D:1      | Reached XP level 1. HP: 12/12 MP: 3/3
     0 | D:1      | 0 ||| qw: Version: 0.3-a-9-g12657ce
     0 | D:1      | 0 ||| qw: Game counter: 4180
     0 | D:1      | 0 ||| qw: Always use a shield: true
     0 | D:1      | 0 ||| qw: God list: Okawaru
     0 | D:1      | 0 ||| qw: Allow faded altars: false
     0 | D:1      | 0 ||| qw: Do Orc after D:15 true
     0 | D:1      | 0 ||| qw: Do second Lair branch before Depths: true
     0 | D:1      | 0 ||| qw: Lair rune preference: random
     0 | D:1      | 0 ||| qw: Plans: Normal
     0 | D:1      | 0 ||| PLANNING D:1-11
   125 | D:1      | Reached skill level 6 in Ranged Weapons
   125 | D:1      | Reached XP level 2. HP: 16/16 MP: 4/4
   472 | D:1      | Reached XP level 3. HP: 20/20 MP: 5/5
   617 | D:1      | 617 ||| UPGRADING to +0 ring mail.
   627 | D:1      | 627 ||| DROPPING +0 leather armour.
   628 | D:1      | 628 ||| UPGRADING to +2 leather armour of fire resistance.
   638 | D:1      | 638 ||| DROPPING ring of flight.
   639 | D:1      | 639 ||| READING 3 scrolls labelled AFUFYISMIN.
   643 | D:1      | 643 ||| READING scroll labelled SULACU LAIJIMEIH.
   644 | D:1      | 644 ||| READING scroll labelled YTEJOA HASUAZA.
   645 | D:1      | 645 ||| DROPPING scroll of butterflies.
   787 | D:2      | Reached skill level 7 in Ranged Weapons
  1200 | D:2      | 1200 ||| UPGRADING to +0 helmet.
  1205 | D:2      | 1205 ||| UPGRADING to +6 ring of dexterity.
  1206 | D:2      | 1206 ||| READING scroll labelled ETEWON QEAH.
  1231 | D:3      | 1231 ||| STAIRDANCE
  1234 | D:2      | HP: 5/20 [poisoned by a goblin]
  1235 | D:2      | 1235 ||| READING 3 scrolls of teleportation.
  1235 | D:2      | HP: 1/20 [poisoned by a goblin]
  1236 | D:2      | Succumbed to a goblin's poison

Levels and vault maps discovered:
D:1:      noname_arrival_rooms_in_the_neighbourhood, layout_basic,
          dreamdust_mushroom_princess
D:2:      layout_loops_ring
D:3:      layout_rooms, mainiacjoe_overflow_concentric_impassable,
          xom_redecorated, tgw_trog

Skill      XL: |  1  2  3 |
---------------+----------+-----
Ranged Weapons | 6 7 |  7.2
Fighting       | |  1.5
Dodging        | |  2.4
Stealth        | |  1.2

Action                     || total
---------------------------++-------
   Fire: Shortbow          ||   105
    Use: Scroll            ||     5
 Armour: Leather armour    ||    22
  Dodge: Dodged            ||    30

Table legend:
 A = Non-vault XP
 B = Vault XP
 C = Vault XP percentage of total XP
 D = Non-vault monster count
 E = Vault monster count
 F = Vault count percentage of total count
                 A         B        C        D         E       F
            +---------+---------+-------+---------+---------+-------
      Total |      84 |       0 |   0.0 |      38 |       0 |   0.0
            +---------+---------+-------+---------+---------+-------
        D:1 |      49 |       0 |   0.0 |      25 |       0 |   0.0
        D:2 |      35 |       0 |   0.0 |      13 |       0 |   0.0
            +---------+---------+-------+---------+---------+-------
